 Dungeon Crawl Stone Soup version 0.31.0-11-ge490571c62 (webtiles) character file.

Game seed: 12755161832398367339

2755 gelatine the Slasher (level 9, -2/61 HPs)
             Began as an Octopode Shapeshifter on Feb 1, 2024.
             Slain by an unseen horror (9 damage)
             ... on level 7 of the Dungeon.
             The game lasted 00:17:42 (5867 turns).

gelatine the Slasher (Octopode Shapeshifter)        Turns: 5867, Time: 00:17:42

Health: -2/61      AC:  1    Str: 17    XL:     9   Next: 69%
Magic:  9/9        EV: 10    Int: 12    God:
Gold:   186        SH: 13    Dex: 12    Spells: 8/8 levels left

rFire   . . .        n - +9 sword of Zonguldrok {reap}
rCold   . . .        z - +2 tower shield
rNeg    + . .        (helmet currently unavailable)
rPois   +            (no amulet)
rElec   .            f - ring of positive energy
rCorr   +            h - ring of resist corrosion
SInv    .            j - ring of poison resistance
Will    .....        (no ring)
Stlth   ++++         (no ring)
HPRegen 0.30/turn    (no ring)
MPRegen 0.11/turn    (no ring)
                     (no ring)

%: no passive effects
@: beast-form
A: beast (slay +3), almost no armour, amphibious, 8 rings, camouflage 1,
gelatinous body 1, (nimble swimmer 1), tentacles
a: Begin Untransformation


You were on level 7 of the Dungeon.
You were a hulking beast.
You visited 2 branches of the dungeon, and saw 8 of its levels.

You collected 523 gold pieces.
You spent 337 gold pieces at shops.

Inventory:

Hand Weapons
 n - the +9 sword of Zonguldrok (weapon) {reap}
   (You found it on level 3 of the Dungeon)
Missiles
 k - 13 poisoned darts (quivered)
Armour
 z - a +2 tower shield (worn)
Jewellery
 f - a ring of positive energy (left tentacle)
 h - a ring of resist corrosion (right tentacle)
 j - a ring of poison resistance (on tentacle)
Talismans
 b - a beast talisman
 c - a flux talisman
Wands
 A - a wand of roots (5)
Scrolls
 d - a scroll of fear
 e - 3 scrolls of teleportation {unknown}
 g - a scroll of amnesia
 l - a scroll of revelation
 m - a scroll of fog
 o - a scroll of brand weapon
 p - a scroll of enchant weapon
 t - a scroll of noise {unknown}
 y - a scroll of enchant armour {unknown}
 B - 2 scrolls of identify
Potions
 a - a potion of lignification
 i - a potion of cancellation
 q - a potion of mutation
 r - 4 potions of curing
 s - 2 potions of heal wounds
 u - a potion of brilliance {unknown}
 v - a potion of haste
 w - 2 potions of enlightenment
 x - 2 potions of degeneration {unknown}


   Skills:
 * Level 5.1 Fighting
 * Level 7.8 Long Blades
 + Level 0.9 Throwing
 * Level 4.9 Dodging
 + Level 4.9 Stealth
 * Level 2.0 Shields
 + Level 4.9 Unarmed Combat
 * Level 5.2 Shapeshifting


You had 8 spell levels left.
You didn't know any spells.
Your spell library contained the following spells:

 Spells                   Type           Power      Damage    Failure   Level
 Magic Dart               Conj           0%         1d3       98%         1
 Cigotuvi's Dreadful Rot  Necr/Alch/Air  0%         N/A       99%         2
 Searing Ray              Conj           0%         2d4       99%         2
 Summon Ice Beast         Ice/Summ       0%         N/A       100%        3
 Dispel Undead            Necr           0%         3d6       100%        4
 Fulminant Prism          Conj/Alch      0%         3d5       100%        4
 Martyr's Knell           Necr/Summ      0%         N/A       100%        4
 Vhi's Electric Charge    Tloc/Air       0%         N/A       100%        4
 Arcjolt                  Conj/Air       0%         1d10      100%        5
 Summon Mana Viper        Hex/Summ       0%         N/A       100%        5
 Death Channel            Necr           0%         N/A       100%        6
 Monstrous Menagerie      Summ           0%         N/A       100%        7
 Maxwell's Capacitive Co  Air            0%         ∞         100%        8


Dungeon Overview and Level Annotations

Branches:
Dungeon (7/15)             Temple (1/1) D:6

Altars:
Cheibriados
Dithmenos
Elyvilon
Fedhas
Gozag
Hepliaklqana
Kikubaaqudgha
Makhleb
Nemelex Xobeh
Okawaru
Qazlal
Ru
Trog
Uskayaw
Vehumet
Wu Jian
Yredelemnul
Zin

Shops:
D:5 :!!*


Innate Abilities, Weirdness & Mutations

You are a hulking beast.
Your limbs bulge with bestial killing power. (Slay +3)
You cannot wear most types of armour.
You are amphibious.
You can wear up to eight rings at the same time.
Your skin changes colour to match your surroundings (Stealth+).
Your rubbery body absorbs attacks. (AC +1, EV +1)
((You are camouflaged when in or above water. (Stealth+)))
You have tentacles for arms and can constrict up to eight enemies at once.


Message History

Found a stone staircase leading down.
There is a stone staircase leading down here.
You swap places.
You swap places.
You swap places.
There is a stone staircase leading down here.
There is a strange disturbance nearby!
Something hits you.
Deactivating autopickup; reactivate with Ctrl-A.
Something hits you! Something hits you!
Your ogre zombie closely misses something.
Something hits your ogre zombie! Something hits you!
Your gnoll zombie hits something.
Something hits you! Something hits you!
* * * LOW HITPOINT WARNING * * *
Something hits you.
* * * LOW HITPOINT WARNING * * *
You feel much better. Something hits you!
Okay, then.
You feel much better. Something hits you! Something hits your gnoll zombie! x2
Your gnoll zombie is destroyed!
Something hits you.
You hit something.
Your tentacle-slap misses something.
Your squeeze misses something. Something hits you.
Something completely misses your gnoll bouda zombie.
Something hits your gnoll bouda zombie! Something hits your ogre zombie!
Something hits your ogre zombie.
You closely miss something. Your squeeze misses something. Something hits you.
Something hits your ogre zombie! Something hits you.
You barely miss something. Something hits you! Something hits your ogre zombie.
Something hits you.
* * * LOW HITPOINT WARNING * * *
You block something's attack.
You barely miss something. You squeeze something. Something hits you!
* * * LOW HITPOINT WARNING * * *
Something hits you!
You die...

#.# ##.## #.. #.######
#.# #.. #.#...#
#........ #....###
####.###.
##.....#####........
##.......$....# ####.
#.......##.# .. #.
#.##ZZZ#.##.###. #. ..
#.h{#.#...##. ## #.
######Z#...##.## # #
###>##ZZ.........# #
#ZZ#.ZZ#.#..###..#####
##.###..#.#..###..#....
#Z## ##...#....#.Z.....
##Z###..###>.#.##.#.Z..
#..#...###Z.#.##.###Z#
###.##...ZZ......# #Z#


You could see a friendly gnoll zombie, a friendly gnoll bouda zombie and a
friendly ogre zombie.

Vanquished Creatures
  Grinder (D:5)
  Sigmund (D:3)
  A wyvern (D:7)
  A water moccasin (D:6)
  An ice beast (D:6)
  A black bear (D:5)
  5 ogres
  A phantom (D:5)
  2 bullfrogs
  4 scorpions
  3 wights (D:6)
  A killer bee (D:5)
  An orc priest (D:3)
  5 hounds
  2 gnoll boudas
  2 iguanas (D:5)
  Terence (D:2)
  5 orc wizards
  Robin (D:3)
  13 gnolls
  11 adders
  A shadow imp (D:6)
  A white imp (D:7)
  5 ufetubi
  3 dart slugs
  A ribbon worm (D:6)
  9 orcs
  8 endoplasms
  2 giant cockroaches (D:1)
  12 goblins
  9 hobgoblins
  3 jackals
  6 kobolds
  3 quokkas
  6 ball pythons
  9 bats
  5 frilled lizards
  10 rats
156 creatures vanquished.

Vanquished Creatures (collateral kills)
  2 jellies
  A hound (D:4)
  2 gnolls (D:7)
  An adder (D:4)
  A dart slug (D:3)
  2 orcs (D:5)
  2 ball pythons
  A rat (D:6)
12 creatures vanquished.

Vanquished Creatures (others)
  An ogre zombie (D:5)
  An iguana zombie (D:5)
  4 orc zombies (D:5)
  3 gnoll zombies
  A dart slug zombie (D:5)
  2 goblin zombies (D:3)
12 creatures vanquished.

Grand Total: 180 creatures vanquished

Notes
Turn   | Place    | Note
-------+----------+-------------------------------------------
     0 | D:1      | gelatine the Octopode Shapeshifter began the quest for the
                  | Orb.
     0 | D:1      | Reached XP level 1. HP: 13/13 MP: 1/1
   123 | D:1      | Reached XP level 2. HP: 18/18 MP: 2/2
   231 | D:1      | Reached XP level 3. HP: 18/23 MP: 3/3
   624 | D:2      | Noticed Terence
   637 | D:2      | Killed Terence
   638 | D:2      | Reached XP level 4. HP: 28/28 MP: 4/4
   748 | D:2      | Reached skill level 1 in Stealth
  1163 | D:2      | Reached XP level 5. HP: 34/34 MP: 5/5
  1767 | D:3      | Found the +9 sword of Zonguldrok {reap}
  1780 | D:3      | Reached XP level 6. HP: 40/40 MP: 6/6
  1851 | D:3      | Found a snail-covered altar of Cheibriados.
  1969 | D:3      | Noticed Robin
  1975 | D:3      | Noticed Sigmund
  1979 | D:3      | Killed Robin
  1986 | D:3      | Killed Sigmund
  1987 | D:3      | Reached skill level 1 in Long Blades
  2326 | D:4      | Reached skill level 2 in Long Blades
  2326 | D:4      | Reached XP level 7. HP: 34/45 MP: 7/7
  2488 | D:4      | Reached skill level 3 in Long Blades
  2594 | D:4      | Found a sparkling altar of Nemelex Xobeh.
  2815 | D:4      | Found a basalt altar of Yredelemnul.
  2949 | D:4      | Found a burning altar of Makhleb.
  3085 | D:5      | Entered Level 5 of the Dungeon
  3100 | D:5      | Reached skill level 4 in Long Blades
  3102 | D:5      | Reached XP level 8. HP: 30/52 MP: 8/8
  3586 | D:5      | Found Qoum's Book Emporium.
  3631 | D:5      | Found an iron altar of Okawaru.
  3637 | D:5      | Found Dyumiykesm's Distillery.
  3645 | D:5      | Bought a potion of curing for 33 gold pieces
  3645 | D:5      | Bought a potion of heal wounds for 55 gold pieces
  3761 | D:5      | Found Oceul's Distillery.
  3781 | D:5      | Bought a potion of haste for 130 gold pieces
  3781 | D:5      | Bought a potion of enlightenment for 65 gold pieces
  3789 | D:5      | Noticed Grinder
  3798 | D:5      | Killed Grinder
  3799 | D:5      | Reached skill level 5 in Long Blades
  4014 | D:5      | Reached skill level 6 in Long Blades
  4191 | D:5      | Found Durr's Assorted Antiques.
  4197 | D:5      | Bought a scroll labelled CUAXKU QIUCEKHLI for 27 gold
                  | pieces
  4197 | D:5      | Bought a scroll labelled ARARUE LEMEDO for 27 gold pieces
  4470 | D:6      | Found a staircase to the Ecumenical Temple.
  4477 | Temple   | Entered the Ecumenical Temple
  4521 | D:6      | Found a white marble altar of Elyvilon.
  4581 | D:6      | Reached XP level 9. HP: 39/59 MP: 9/9
  4698 | D:6      | Reached skill level 1 in Shields
  4804 | D:6      | Found a radiant altar of Vehumet.
  4983 | D:6      | Reached skill level 7 in Long Blades
  4983 | D:6      | Reached skill level 5 in Shapeshifting
  5161 | D:6      | Reached skill level 5 in Fighting
  5217 | D:6      | Noticed a moth of wrath
  5220 | D:6      | Found a bloodstained altar of Trog.
  5867 | D:7      | Slain by an unseen horror

Illustrated notes

Levels and vault maps discovered:
D:1:      scummos_arrival_forest, layout_rooms, nicolae_figureground_sparkle
D:2:      layout_basic, minmay_puff, uniq_terence
D:3:      minmay_inner_zag, layout_basic, kennysheep_slug_shrine,
          minmay_shallow_snake_nest, uniq_robin, uniq_sigmund
D:4:      layout_cave_pools, lightli_temple_of_fire, mainiacjoe_overflow_paths,
          nicolae_overflow_hidden_temple, nrook_mini_backslash,
          kennysheep_small_square
D:5:      layout_loops_ring, lemuel_crystal_altar, serial_shops, shop, shop,
          shop, nicolae_shop_industrial_runoff, st_stairs_10,
          minmay_joined_circles, uniq_grinder
D:6:      layout_basic, lemuel_crystal_altar, tgw_trog,
          nicolae_elyvilon_temple_path, minmay_temple_entry_tees,
          grunt_tough_drop
D:7:      layout_loops_cross, lemuel_coloured_pillars_altar,
          mainiacjoe_overflow_alcove_1
Temple:   compressed_dpeg_circular_temple

Skill      XL: |  1  2  3  4  5  6  7  8  9 |
---------------+----------------------------+-----
Unarmed Combat | 4 |  4.9
Stealth        | 1 2 3 4 |  4.9
Fighting       | 2 3 4 5 |  5.1
Dodging        | 3 4 |  4.9
Long Blades    | 2 4 6 7 |  7.8
Shapeshifting  | 4 5 |  5.2
Shields        | 2 |  2.0
Throwing       | |  0.9

Action                     |  1- 3 |  4- 6 |  7- 9 || total
---------------------------+-------+-------+-------++-------
  Melee: Unarmed           |    58 |    70 |       ||   128
         Constrict         |    14 |    16 |    26 ||    56
         Tentacles         |    11 |    16 |    24 ||    51
         Punch             |     2 |     3 |     6 ||    11
         Double sword      |       |    26 |   121 ||   147
  Throw: Throwing net      |       |     1 |       ||     1
         Dart              |       |     8 |       ||     8
    Use: Scroll            |       |     3 |     5 ||     8
         Potion            |       |       |     2 ||     2
   Stab: Sleeping          |     6 |     7 |    11 ||    24
         Held in net/web   |       |     1 |       ||     1
         Distracted        |       |       |     2 ||     2
 Armour: Skin              |    16 |    34 |    86 ||   136
  Dodge: Dodged            |    31 |    52 |    72 ||   155
  Block: Tower shield      |       |       |    31 ||    31
